 Dungeon Crawl Stone Soup version 0.19-a0-1861-g35def1e (webtiles) character file.

233 Naow the Magician (level 5, -7/28 HPs)
             Began as a Deep Elf Conjurer on Oct 12, 2016.
             Killed by divine providence
             ... invoked by an orc priest
              (17 damage)
             ... on level 3 of the Dungeon.
             The game lasted 00:07:02 (2472 turns).

Naow the Magician (Deep Elf Conjurer)               Turns: 2472, Time: 00:07:02

Health: -7/28      AC:  3    Str:  8    XL:     5   Next: 75%
Magic:  3/17       EV: 13    Int: 21    God:
Gold:   176        SH:  0    Dex: 15    Spells: 3 memorised, 9 levels left

rFire  . . .     SeeInvis .     z - +0 dagger
rCold  . . .     Gourm    +     a - +0 robe
rNeg   . . .     Faith    .     (no shield)
rPois  .         Spirit   .     f - +0 hat
rElec  .         Dismiss  .     (no cloak)
rCorr  .         Reflect  .     t - +0 pair of gloves {Str+3}
MR     .....     Harm     .     (no boots)
Stlth  ++........               o - amulet of the gourmand
                                (no ring)
                                j - ring of flight

@: no status effects
A: no striking features
a: Evoke Flight


You were on level 3 of the Dungeon.
You were very full.

You visited 1 branch of the dungeon, and saw 3 of its levels.

You collected 176 gold pieces.

Inventory:

Hand Weapons
 z - a +0 dagger (weapon)
Armour
 a - a +0 robe (worn)
 f - a +0 hat (worn)
 t - a +0 pair of gloves of strength (worn)
Jewellery
 j - a ring of flight (left hand)
 o - an amulet of the gourmand (around neck)
 y - an uncursed amulet of magic regeneration {unknown}
Scrolls
 e - 3 scrolls of amnesia
 g - a scroll of remove curse
 h - a scroll of fear {unknown}
 i - 2 scrolls of blinking {unknown}
 k - 6 scrolls of identify {unknown}
 n - a scroll of fog {unknown}
 p - a scroll of teleportation {unknown}
 s - a scroll of enchant weapon {unknown}
 u - a scroll of noise {unknown}
 v - 2 scrolls of recharging {unknown}
 x - a scroll of magic mapping {unknown}
Potions
 d - 2 potions of might {unknown}
 q - a potion of cancellation {unknown}
 w - 2 potions of heal wounds {unknown}
Books
 b - a book of Conjurations

   Spells                             Type                      Level
   a - Magic Dart                     Conjuration                  1
   b - Searing Ray                    Conjuration                  2
   c - Dazzling Spray                 Conjuration/Hexes            3
   d - Fulminant Prism                Conjuration/Hexes            4
   e - Iskenderun's Mystic Blast      Conjuration                  4
   f - Iskenderun's Battlesphere      Conjuration/Charms           5
Comestibles
 c - 3 bread rations
 l - a beef jerky
 m - 4 fruits
 r - 2 meat rations
 A - 7 chunks of flesh


   Skills:
 - Level 2.8 Dodging
 - Level 2.6 Stealth
 + Level 7.7 Spellcasting
 - Level 4.7 Conjurations


You had 9 spell levels left.
You knew the following spells:

 Your Spells              Type           Power        Failure   Level  Hunger
a - Magic Dart            Conj           ####         1%          1    None
b - Iskenderun's Battles  Conj/Chrm      ###.....     87%         5    #####..
c - Iskenderun's Mystic   Conj           ####....     14%         4    ###....


Dungeon Overview and Level Annotations

Branches:
Dungeon (3/15)

Altars:
Dithmenos
Makhleb


Message History

Confirm with . or Enter, or press ? or * to list all spells.
Aiming: Magic Dart
Press: ? - help, Shift-Dir - straight line, f/p - orc priest
Aim: an orc priest, wielding a flail and wearing a ring mail (severely wounded)
The magic dart hits the orc priest.
The orc priest is almost dead.
The orc priest mumbles some strange prayers to Beogh against you.
Beogh smites you!
Ouch! That really hurt!
Casting: Magic Dart
Confirm with . or Enter, or press ? or * to list all spells.
Aiming: Magic Dart
Press: ? - help, Shift-Dir - straight line, f/p - orc priest
Aim: an orc priest, wielding a flail and wearing a ring mail (almost dead)
The magic dart hits the orc priest.
The orc priest is almost dead.
The orc priest invokes the aid of Beogh against you.
Beogh smites you!
Ouch! That really hurt!
You die...

.#.## #.#.###
....####### #.#...#
..........# #.#.#.#
.#........# #.#.#.#
>.........# #.#.#.#
.#........# #.#.#.#
.#........# #.#.#.#
.#)[......###.#.#.#####
....#'##........@.....#
.#.##.# ####.#o#.###.#
..)...# #.#...(.#
.#.##.# # #.#######
.#.##.# .# #.#.#
.#.##.##.####.#..
...##..........)#
......<#..# #.#.#
.#.##.##..# #.#.###


You could see an orc priest.

Vanquished Creatures
  The ghost of Naow the Magician, an amateur DECj (D:3)
  2 orc wizards (D:3)
  2 adders
  An ooze (D:2)
  2 worms (D:2)
  3 dart slugs
  11 orcs (D:3)
  2 giant cockroaches
  6 hobgoblins
  A jackal (D:2)
  4 bats
  3 frilled lizards
  10 goblins
  9 kobolds
  7 rats
64 creatures vanquished.

Notes
Turn   | Place    | Note
-------+----------+-------------------------------------------
     0 | D:1      | Naow the Deep Elf Conjurer began the quest for the Orb.
     0 | D:1      | Reached XP level 1. HP: 10/10 MP: 6/6
   351 | D:1      | Reached XP level 2. HP: 9/15 MP: 5/8
   801 | D:2      | Reached skill level 4 in Spellcasting
   801 | D:2      | Reached XP level 3. HP: 15/19 MP: 0/10
  1293 | D:2      | Found a burning altar of Makhleb.
  1332 | D:2      | Found a shadowy altar of Dithmenos.
  1572 | D:3      | Reached skill level 5 in Spellcasting
  1686 | D:2      | Reached XP level 4. HP: 10/24 MP: 10/13
  1918 | D:3      | Noticed Naow's ghost (amateur DECj)
  1934 | D:3      | Killed Naow's ghost
  1934 | D:3      | Reached skill level 6 in Spellcasting
  1934 | D:3      | Reached XP level 5. HP: 19/28 MP: 5/16
  1941 | D:3      | Learned a level 5 spell: Iskenderun's Battlesphere
  1946 | D:3      | Learned a level 4 spell: Iskenderun's Mystic Blast
  2097 | D:3      | Reached skill level 7 in Spellcasting
  2472 | D:3      | Killed from afar by an orc priest

Vault maps used:
D:1:      evilmike_arrival_fibonacci_small
D:2:      grunt_dithmenos_smoke_and_mirrors, first_bread, bloody_makhleb

Skill      XL: |  1  2  3  4  5 |
---------------+----------------+-----
Spellcasting   | 4 5 6 7 |  7.7
Dodging        | |  2.8
Stealth        | |  2.6
Conjurations   | |  4.7

Action                   |  1- 3 |  4- 6 || total
-------------------------+-------+-------++-------
 Cast: Magic Dart        |    87 |    63 ||   150
  Use: Scroll            |     2 |       ||     2
  Eat: Chunk             |     8 |     7 ||    15
Armor: Robe              |       |     1 ||     1
Dodge: Dodged            |     8 |     5 ||    13
